 Dungeon Crawl Stone Soup version 0.15.1-3-g1b33baa (webtiles) character file.

539 Hodglim the Magician (level 7, -1/36 HPs)
             Began as a Deep Elf Fire Elementalist on Oct 2, 2014.
             Killed from afar by an orc wizard (6 damage)
             ... with a magic dart
             ... on Level 4 of the Dungeon on Oct 3, 2014.
             The game lasted 00:33:52 (4332 turns).

Hodglim the Magician (Deep Elf Fire Elementalist)   Turns: 4332, Time: 00:33:52

HP  -1/36        AC  4     Str  6      XL: 7   Next:  5%
MP  22/33        EV 13     Int 25      God:
Gold 192         SH  0     Dex 15      Spells:  4 memorised,  6 levels left

rFire  . . .     SeeInvis .     s - -1 short sword (curse)
rCold  . . .     Clarity  .     a - +0 robe
rNeg   . . .     rCorr    .     (no shield)
rPois  .         rRot     .     (no helmet)
rElec  .         Spirit   .     q - +0 cloak
SustAb .         Warding  .     (no gloves)
rMut   .         Stasis   .     h - +0 pair of boots
Gourm  .                        g - amulet of faith
MR     .....                    y - +4 ring of intelligence
                                m - ring of magical power

@: not resistant to hostile enchantments, unstealthy
A: no striking features
a: no special abilities


You were on level 4 of the Dungeon.
You were hungry.

You visited 1 branch of the dungeon, and saw 5 of its levels.

You collected 192 gold pieces.

Inventory:

Hand weapons
 o - a +0 short sword
 r - a +1 dagger of venom
 s - a cursed -1 short sword (weapon)
 t - a +1 morningstar of protection
 z - a cursed -2 dagger
Armour
 a - a +0 robe (worn)
 h - a +0 pair of boots (worn)
 q - a +0 cloak (worn)
Comestibles
 c - 4 bread rations
 f - 3 beef jerkies
 j - 3 meat rations
 A - 5 fruits
Scrolls
 i - a scroll of fog {unknown}
 k - a scroll of blinking
 l - 2 scrolls of enchant weapon {unknown}
 n - 2 scrolls of remove curse
 u - 2 scrolls of identify
Jewellery
 g - an amulet of faith (around neck)
 m - a ring of magical power (left hand)
 y - a +4 ring of intelligence (right hand)
Potions
 d - a potion of heal wounds {unknown}
 e - a potion of restore abilities
 p - a potion of brilliance {unknown}
 v - a potion of degeneration {unknown}
 w - a potion of poison {unknown}
 x - a potion of curing
Books
 b - a book of Flames

   Spells                             Type                      Level
   *Flame Tongue                      Conjuration/Fire             1
   Throw Flame                        Conjuration/Fire             2
   *Conjure Flame                     Conjuration/Fire             3
   Inner Flame                        Hexes/Fire                   3
   *Sticky Flame                      Conjuration/Fire             4
   *Fireball                          Conjuration/Fire             5


   Skills:
 - Level 2.4 Dodging
 - Level 2.4 Stealth
 + Level 6.9 Spellcasting
 + Level 4.6 Conjurations
 + Level 5.3 Fire Magic


You had 6 spell levels left.
You knew the following spells:

 Your Spells              Type           Power        Failure   Level  Hunger
a - Flame Tongue          Conj/Fire      ####.        1%          1    None
b - Sticky Flame          Conj/Fire      ####....     12%         4    ###....
c - Conjure Flame         Conj/Fire      ####....     2%          3    None
d - Fireball              Conj/Fire      ####......   28%         5    ####...


Dungeon Overview and Level Annotations

Branches:
Dungeon (5/15)
 Temple: D:4-7

Altars:
Qazlal
Trog

Annotations:
D:5 Blork the orc


Message History

Casting: Sticky Flame
Confirm with . or Enter, or press ? or * to list all spells.
Aiming: Flame Tongue
Press: ? - help, Shift-Dir - straight line, f - orc wizard
Aim: an orc wizard, wielding a dagger and wearing a robe The flame tongue hits the orc wizard.
The orc wizard appears unharmed.
Casting: Flame Tongue
Confirm with . or Enter, or press ? or * to list all spells.
Aiming: Sticky Flame
Press: ? - help, Shift-Dir - straight line, f/p - orc wizard
Aim: an orc wizard, wielding a dagger and wearing a robe The sticky flame hits the orc wizard.
The orc wizard is heavily wounded.
The orc wizard is covered in liquid flames!
The orc wizard burns!
You kill the orc wizard!
The magic dart hits you!
* * * LOW HITPOINT WARNING * * *
The magic dart hits you!
You die...

.# #>#.# #.# #.# ## #.#.#
#<# #.# # #.#.# #.# #.# #
#.#.# #.# #.# # #.#.# #.#
#.### # #.#.# #.###...## #
# #.#.# #.##[....#.## #
#.#.########.##........#
######..........@.....).)#
.........####.###.###...##
#######.## ##.###.# ##.##
#.# #...##.# #.# #.#
#...##.# #.# #.####...##.#
#.# #.#......%%.# #.#
#.#.........# #..
#.#.....)...# ###


There were no monsters in sight!

Vanquished Creatures
  The ghost of Thrillho the Poker, an average OpBe of Trog (D:4)
  A scorpion (D:4)
  An orc priest (D:4)
  An orc wizard (D:4)
  2 worker ants
  6 adders
  A gnoll (D:1)
  4 giant mites (D:3)
  3 worms
  An iguana zombie (D:4)
  3 giant geckos
  An ooze (D:3)
  5 orcs
  5 ball pythons
  12 bats
  13 goblins
  13 hobgoblins
  8 jackals
  4 giant cockroaches
  6 giant newts
  9 kobolds
  8 rats
108 creatures vanquished.

Notes
Turn   | Place    | Note
--------------------------------------------------------------
     0 | D:1      | Hodglim, the Deep Elf Fire Elementalist, began the quest for the Orb.
     0 | D:1      | Reached XP level 1. HP: 10/10 MP: 5/5
   423 | D:1      | Reached XP level 2. HP: 15/15 MP: 8/8
   501 | D:1      | Upgraded the game from 0.15.1-2-g8fbdab7 to 0.15.1-3-g1b33baa
  1071 | D:1      | Reached XP level 3. HP: 19/19 MP: 11/11
  1378 | D:1      | Reached skill level 4 in Spellcasting
  1881 | D:2      | Reached XP level 4. HP: 24/24 MP: 15/15
  1887 | D:2      | Learned a level 4 spell: Sticky Flame
  1891 | D:2      | Learned a level 3 spell: Conjure Flame
  2008 | D:2      | Found a bloodstained altar of Trog.
  2642 | D:3      | Reached skill level 5 in Spellcasting
  2734 | D:3      | Reached XP level 5. HP: 24/28 MP: 19/19
  3611 | D:4      | Noticed Thrillho's ghost (average OpBe)
  3657 | D:4      | Killed Thrillho's ghost
  3657 | D:4      | Reached skill level 6 in Spellcasting
  3657 | D:4      | Reached skill level 5 in Fire Magic
  3657 | D:4      | Reached XP level 6. HP: 14/32 MP: 2/22
  3842 | D:4      | Learned a level 5 spell: Fireball
  3993 | D:4      | Found a stormy altar of Qazlal.
  4098 | D:5      | Entered Level 5 of the Dungeon
  4099 | D:5      | Noticed Blork the orc
  4323 | D:4      | Reached XP level 7. HP: 5/36 MP: 24/24
  4332 | D:4      | Killed from afar by an orc wizard

Action                   |  1- 3 |  4- 6 |  7- 9 || total
-------------------------+-------+-------+-------++-------
Melee: Dagger            |     1 |       |       ||     1
       Spear             |     1 |       |       ||     1
       Short sword       |       |    18 |       ||    18
 Cast: Flame Tongue      |    70 |   127 |     2 ||   199
       Sticky Flame      |       |     6 |     2 ||     8
  Use: Scroll            |     4 |       |       ||     4
       Potion            |       |     2 |       ||     2
  Eat: Chunk             |     3 |     6 |       ||     9
       Pizza             |       |     1 |       ||     1
